 Dungeon Crawl Stone Soup version 0.30-a0-860-g512cf1e979 (webtiles) character file.

Game seed: 7238098422333654105

33723 M4edhros the Bringer of Law (level 13, -3/99 HPs)
             Began as an Octopode Chaos Knight on Mar 7, 2023.
             Was the Champion of Zin.
             Shot with an arrow by a centaur (8 damage)
             ... on level 2 of the Orcish Mines.
             The game lasted 00:27:27 (30643 turns).

M4edhros the Bringer of Law (OpCK)                 Turns: 30643, Time: 00:27:30

Health: -3/99      AC:  4    Str: 20    XL:     13   Next: 72%
Magic:  2/22       EV: 20    Int: 29    God:    Zin [******]
Gold:   1262       SH:  0    Dex: 21    Spells: 4/22 levels left

rFire   . . .      SeeInvis +    t - +9 quarterstaff of the World {heavy, rF- rC+ Int+5 Stlth+}
rCold   + . .      Faith    +    (shield currently unavailable)
rNeg    + . .      Spirit   .    x - +1 hat of Glamorous Joy {rPois rN+ Str+3}
rPois   ∞          Reflect  .    l - amulet of faith
rElec   .          Rampage  .    c - ring of wizardry
rCorr   .          Clarity  +    m - ring of see invisible
Will    .....                    u - ring of poison resistance
Stlth   +++++++                  (no ring)
HPRegen 1.96/turn                (no ring)
MPRegen 0.18/turn                (no ring)
                                 (no ring)
                                 (no ring)

@: vitalised, on recite cooldown
A: almost no armour, amphibious, 8 rings, camouflage 1, gelatinous body 1,
(nimble swimmer 1), tentacles, antennae 1, tentacle spike 2, iridescent scales
1, agile 1, clarity, clever 2, fire resistance 1, poison resistance,
regeneration 2, robust 1, strong 1
a: Renounce Religion, Recite, Vitalisation, Imprison, Sanctuary, Donate Gold


You were on level 2 of the Orcish Mines.
You worshipped Zin.
Zin was exalted by your worship.
You visited 3 branches of the dungeon, and saw 14 of its levels.
You also visited: Bailey.

You collected 1754 gold pieces.
You donated 492 gold pieces to Zin.

Inventory:

Hand Weapons
 a - a +0 mace of chaos
 h - a +2 dagger of protection
 j - a +0 war axe
 t - the +9 quarterstaff of the World (weapon) {heavy, rF- rC+ Int+5 Stlth+}
   (You found it in a bailey)

   Int:       It affects your intelligence (+5).
   rF:        It makes you vulnerable to fire.
   rC:        It protects you from cold.
   Stlth:     It makes you more stealthy.
 D - the +7 short sword of Koroc {antimagic, Stlth+}
   (Xom gifted it to you on level 4 of the Dungeon)

   Stlth:     It makes you more stealthy.
 Q - a +0 morningstar
Missiles
 i - 105 stones
 F - 3 javelins
 H - 2 curare-tipped darts (quivered)
 M - a throwing net
Armour
 n - a +9 plate armour of ponderousness
 x - the +1 hat of Glamorous Joy (worn) {rPois rN+ Str+3}
   (Xom gifted it to you on level 4 of the Dungeon)

   Str:       It affects your strength (+3).
   rPois:     It protects you from poison.
   rN:        It protects you from negative energy.
Jewellery
 c - a ring of wizardry (left tentacle)
 k - an amulet of guardian spirit
 l - an amulet of faith (around mantle)
 m - a ring of see invisible (right tentacle)
 u - a ring of poison resistance (on tentacle)
 A - a ring of flight
 G - a ring of ice
 N - a ring of magical power
Wands
 q - a wand of mindburst (10)
 r - a wand of flame (29)
 w - a wand of roots (14)
 J - a wand of paralysis (5)
Scrolls
 d - 7 scrolls of identify
 e - 7 scrolls of enchant weapon
 f - 3 scrolls of teleportation
 y - a scroll of blinking
 B - a scroll of enchant armour
 C - a scroll of fog
 E - 5 scrolls of fear
 I - 3 scrolls of magic mapping
 K - a scroll of brand weapon
 O - a scroll of noise
 S - a scroll of amnesia
Potions
 g - a potion of lignification
 o - a potion of brilliance
 p - a potion of might
 s - 2 potions of mutation
 v - 5 potions of heal wounds
 z - 3 potions of curing
 P - a potion of haste
Miscellaneous
 b - a piece from Xom's chessboard (15/15)
 R - a condenser vane


   Skills:
 + Level 9.2 Fighting
 - Level 5.0 Short Blades
 - Level 4.4(5.3) Maces & Flails
 * Level 4.5(5.4) Staves
 + Level 9.2 Dodging
 - Level 10.3 Stealth
 - Level 5.4 Spellcasting
 + Level 10.1 Hexes
 * Level 12.0 Invocations


You had 4 spell levels left.
You knew the following spells:

 Your Spells              Type           Power      Damage    Failure   Level
a - Tukima's Dance        Hex            60%        N/A       1%          3
b - Cause Fear            Hex            30%        N/A       1%          4
c - Inner Flame           Hex/Fire       37%        N/A       1%          3
d - Discord               Hex            30%        N/A       91%         8

Your spell library contained the following spells:

 Spells                   Type           Power      Damage    Failure   Level
 Apportation              Tloc           14%        N/A       2%          1
 Necrotise                Necr           28%        1d5       2%          1
 Shock                    Conj/Air       28%        1d4       2%          1
 Summon Small Mammal      Summ           28%        N/A       2%          1
 Lesser Beckoning         Tloc           14%        N/A       3%          2
 Sublimation of Blood     Necr           7%         N/A       3%          2
 Fulminant Prism          Conj/Hex       18%        3d10      3%          4
 Gell's Gravitas          Tloc           7%         N/A       8%          3
 Ignite Poison            Fire/Tmut/Pois 7%         N/A       8%          3
 Kindle Blastsparks       Fire/Tloc/Air  14%        2d11      8%          3
 Teleport Other           Tloc           7%         N/A       8%          3
 Flame Wave               Conj/Fire      7%         2d5       24%         4
 Iskenderun's Mystic Bla  Conj/Tloc      7%         2d4       24%         4
 Passage of Golubria      Tloc           7%         N/A       24%         4
 Petrify                  Tmut/Erth      7%         N/A       24%         4
 Sticky Flame             Conj/Fire      7%         2d3       24%         4
 Yara's Violent Unravell  Hex/Tmut       18%        3d9       9%          5
 Freezing Cloud           Conj/Ice/Air   3%         6-21      52%         5
 Irradiate                Conj/Tmut      3%         3d12      52%         5
 Lee's Rapid Deconstruct  Erth           3%         3d5*      52%         5


Dungeon Overview and Level Annotations

Branches:
Dungeon (11/15)            Temple (1/1) D:5            Lair (0/5) D:10
    Orc (2/2) D:11         Bailey (visited)
    Elf: Orc:2

Altars:
Ashenzari
Cheibriados
Dithmenos
Elyvilon
Fedhas
Gozag
Hepliaklqana
Kikubaaqudgha
Makhleb
Nemelex Xobeh
Okawaru
Qazlal
Ru
Sif Muna
Trog
Uskayaw
Vehumet
Wu Jian
Xom
Yredelemnul
Zin
The Shining One

Shops:
D:6 ?=(?*   Orc:2 (


Innate Abilities, Weirdness & Mutations

You cannot wear most types of armour.
You are amphibious.
You can wear up to eight rings at the same time.
Your skin changes colour to match your surroundings (Stealth+).
Your rubbery body absorbs attacks. (AC +1, EV +1)
((You are camouflaged when in or above water. (Stealth+)))
You have tentacles for arms and can constrict up to eight enemies at once.
You have a pair of small antennae on your head.
One of your tentacles bears a nasty spike.
You are partially covered in iridescent scales. (AC +2)
You are agile. (Dex +4, Str/Int -1)
You possess an exceptional clarity of mind.
Your mind is very acute. (Int +8, Str/Dex -2)
Your flesh is heat resistant. (rF+)
Your system is resistant to poisons. (rPois)
You heal very quickly.
You are robust. (+10% HP)
Your muscles are strong. (Str +4, Int/Dex -1)


Message History

Unknown command.
You bludgeon the orc warrior!!
You kill the orc warrior!
You constrict the orc warrior.
The centaur shoots an arrow.
The arrow hits you. The orc warrior hits you!
The centaur shoots an arrow.
The arrow completely misses you.
Something hits the orc warrior!
The orc warrior dies!
The orc shoots a bolt.
The bolt hits you!
The centaur shoots an arrow.
The arrow completely misses you.
Casting: Tukima's Dance (safe; 1% risk of failure)
Confirm with . or Enter, or press ? or * to list all spells.
You don't have enough magic to cast this spell.
Aiming: Paralyse
Press: ? - help, Shift-Dir - straight line, f - centaur
Aim: a centaur, wielding a +0 shortbow (chance to affect: 49%)
The centaur resists with some effort.
The centaur shoots an arrow.
The arrow misses you.
The orc shoots a bolt.
The bolt completely misses you.
Something hits the centaur!
Your +0 arbalest shoots a bolt.
The bolt barely misses the orc.
You hit the orc. You grab the orc.
You pierce the orc.
You kill the orc!
Your +0 arbalest falls from the air.
The centaur shoots an arrow.
The arrow misses you.
The centaur shoots an arrow.
The arrow hits you.
The orc knight roars a battlecry!
Something hits the centaur!
Unknown command.
You barely miss the orc. You grab the orc.
You pierce the orc.
The orc is almost dead.
You constrict the orc.
You kill the orc!
The centaur shoots an arrow.
The arrow hits you!
* * * LOW HITPOINT WARNING * * *
The orc warrior shoots a bolt.
The bolt hits you!!
* * * LOW HITPOINT WARNING * * *
The centaur shoots an arrow.
The arrow hits you.
* * * LOW HITPOINT WARNING * * *
The orc warrior shoots a bolt.
The bolt barely misses you.
The orc warrior shoots a bolt.
The bolt completely misses you.
The centaur shoots an arrow.
The arrow hits you!
You die...

##..........###.#.........#≈..∩..
##..........####...........≈...≈
#.........## ##........#..≈)≈.
##.#....### ##...<...###...≈).
###.#...# ##.......###....).#
#.#..## #........###.....##
###### ##....)...###.....#
#..).c...## #.....# ##@#{..###
##.....
##########))..#######....#
......o...))..o........... .
...o..............^......
#..##..##.).###.o.##.
..........≈≈# ≈≈....
.....o...≈≈≈# ≈≈≈...
.......≈≈≈≈## #≈≈≈≈. .....)≈≈≈###
#≈≈≈


You could see 2 orc warriors and a centaur.

Vanquished Creatures
  Gastronok (D:8)
  An orc warlord (Bailey)
  Snorg (D:11)
  A boulder beetle (D:11)
  6 two-headed ogres
  A centaur warrior (D:8)
  Amaemon (D:11)
  An orc knight (Orc:2)
  A deep elf pyromancer (D:8)
  An orange demon (D:11)
  2 kobold demonologists
  A rime drake (D:10)
  An unseen horror (D:9)
  2 trolls
  2 hornets
  4 wraiths
  A shadow (D:11)
  5 yaks
  4 wyverns
  8 steam dragons
  2 wargs
  Menkaure (D:7)
  3 vampire mosquitoes
  Edmund (D:5)
  An acid dragon (D:8)
  A floating eye (D:9)
  4 water moccasins
  A swamp drake (D:11)
  4 black bears
  21 orc warriors
  7 ice beasts
  An ogre (D:6)
  4 wolves (D:10)
  8 centaurs
  3 phantoms
  6 kobold brigands
  5 bullfrogs
  5 gnoll sergeants
  5 scorpions
  3 wights
  14 killer bees (D:7)
  5 howler monkeys (D:9)
  7 electric eels
  A hound (D:7)
  3 jellies
  11 orc priests
  A gnoll bouda (D:6)
  A sleepcap (D:6)
  Jessica (D:3)
  4 iguanas
  16 orc wizards
  25 gnolls
  9 adders
  2 shadow imps (D:6)
  3 white imps (D:6)
  An ufetubus (D:5)
  A worm (D:3)
  67 orcs
  6 endoplasms
  10 giant cockroaches
  13 goblins
  14 hobgoblins
  8 jackals
  34 kobolds
  6 quokkas
  12 ball pythons
  9 bats
  5 rats
420 creatures vanquished.

Vanquished Creatures (collateral kills)
  A two-headed ogre (D:11)
  An orc warrior (Orc:2)
  A centaur (Orc:2)
  An orc (D:3)
  An endoplasm (D:3)
  A giant cockroach (D:3)
  A goblin (D:3)
  A kobold (D:3)
8 creatures vanquished.

Vanquished Creatures (others)
  A wizard (D:9)
  4 dancing weapons
  3 plants (D:5)
  2 withered plants (D:6)
10 creatures vanquished.

Grand Total: 438 creatures vanquished

Notes
Turn   | Place    | Note
-------+----------+-------------------------------------------
     0 | D:1      | M4edhros the Octopode Chaos Knight began the quest for the
                  | Orb.
     0 | D:1      | Reached XP level 1. HP: 16/16 MP: 1/1
    33 | D:1      | Reached XP level 2. HP: 10/21 MP: 2/2
   206 | D:1      | Found a faded altar of an unknown god.
   212 | D:1      | Got Plato's Compilation of the Welkin
   424 | D:1      | XOM: 8-stop teleportation journey
   456 | D:1      | XOM: silly message
   487 | D:1      | Reached XP level 3. HP: 25/26 MP: 3/3
   628 | D:1      | XOM: smoke on damage
  1470 | D:1      | XOM: silly message
  1639 | D:1      | XOM: cloud trail
  1736 | D:1      | XOM: divination: magic mapping
  2068 | D:1      | XOM: divination: detect items
  2117 | D:1      | XOM: silly message
  2897 | D:1      | XOM: divination: detect items
  3396 | D:1      | XOM: cloud trail
  3615 | D:1      | XOM: divination: detect items
  3675 | D:1      | XOM is BORED!
  4064 | D:1      | XOM: give mutation
  4064 | D:1      | Gained mutation: You are frail. (-10% HP) [Xom's mischief]
  5161 | D:1      | XOM: god gift: 8 stones
  5625 | D:1      | XOM: god gift: war axe {god gift}
  6618 | D:1      | XOM is BORED!
  6618 | D:1      | XOM: noise
  7231 | D:1      | XOM: torment (13/23 hp)
  7645 | D:1      | XOM: summons 2 hostile demons
  7646 | D:1      | Noticed a soul eater
  7700 | D:2      | Reached skill level 1 in Stealth
  7737 | D:2      | Reached XP level 4. HP: 27/27 MP: 4/4
  7778 | D:2      | Found an ornate altar of the Wu Jian Council.
  7846 | D:2      | XOM is BORED!
  8104 | D:1      | XOM: give mutations
  8104 | D:1      | Gained mutation: You expend magic power (3 MP) to
                  | strengthen your wands. [Xom's grace]
  8104 | D:1      | Gained mutation: Your flesh is heat resistant. (rF+) [Xom's
                  | grace]
  8104 | D:1      | Gained mutation: You have a pair of small antennae on your
                  | head. [Xom's grace]
  8331 | D:1      | XOM: cloud trail
  9270 | D:1      | XOM: give mutations
  9270 | D:1      | Gained mutation: You are strong-willed. (Will+) [Xom's
                  | mischief]
  9270 | D:1      | Gained mutation: Your magical capacity is low. (-10% MP)
                  | [Xom's mischief]
  9523 | D:1      | XOM: god gift: shiny plate armour {god gift}
 10229 | D:1      | XOM: cloud trail
 10747 | D:1      | XOM: noise
 10987 | D:1      | Glimpsed the power of Zot.
 11168 | D:2      | XOM: 5-stop teleportation journey
 11309 | D:2      | XOM is BORED!
 11309 | D:2      | XOM: give mutation
 11309 | D:2      | Lost mutation: You expend magic power (3 MP) to strengthen
                  | your wands. [Xom's mischief]
 11363 | D:2      | Reached skill level 1 in Short Blades
 12531 | D:2      | XOM: summons 3 hostile demons
 12532 | D:2      | Noticed a chaos spawn
 12951 | D:2      | XOM: silly message
 12984 | D:2      | XOM: summons 3 hostile demons
 12985 | D:2      | Noticed an orange demon
 12985 | D:2      | Noticed a chaos spawn
 13130 | D:2      | XOM: cloud trail
 13414 | D:2      | XOM: summons 3 hostile demons
 13415 | D:2      | Noticed a chaos spawn
 13415 | D:2      | Noticed a sun demon
 14323 | D:2      | XOM: give mutations
 14323 | D:2      | Lost mutation: You are frail. (-10% HP) [Xom's mischief]
 14323 | D:2      | Gained mutation: You occasionally lose the ability to read
                  | scrolls when taking damage. [Xom's mischief]
 14323 | D:2      | Lost mutation: You occasionally lose the ability to read
                  | scrolls when taking damage. [Xom's mischief]
 14424 | D:2      | XOM: draining
 14456 | D:2      | XOM: give mutations
 14456 | D:2      | Gained mutation: Your body sometimes deteriorates upon
                  | taking damage. [Xom's mischief]
 14456 | D:2      | Gained mutation: You are agile. (Dex +4, Str/Int -1) [Xom's
                  | mischief]
 14456 | D:2      | Lost mutation: You are strong-willed. (Will+) [Xom's
                  | mischief]
 14781 | D:2      | XOM: summons 3 hostile demons
 15134 | D:2      | XOM: torment (14/26 hp)
 16398 | D:2      | XOM: cloud trail
 16565 | D:2      | XOM: give mutations
 16565 | D:2      | Gained mutation: You possess an exceptional clarity of
                  | mind. [Xom's mischief]
 16565 | D:2      | Lost mutation: Your magical capacity is low. (-10% MP)
                  | [Xom's mischief]
 16565 | D:2      | Gained mutation: Your mind is acute. (Int +4, Str/Dex -1)
                  | [Xom's mischief]
 16576 | D:2      | XOM is BORED!
 16576 | D:2      | XOM: noise
 16612 | D:2      | XOM: give mutations
 16612 | D:2      | Gained mutation: One of your tentacles bears a spike.
                  | [Xom's grace]
 16612 | D:2      | Gained mutation: You have hidden genetic potential. [Xom's
                  | grace]
 16687 | D:2      | XOM: cloud trail
 16808 | D:2      | XOM: noise
 16983 | D:2      | Glimpsed the power of Zot.
 17052 | D:3      | XOM: summons friendly quasit
 17056 | D:3      | XOM: scenery: summon butterflies
 17061 | D:3      | Reached XP level 5. HP: 27/35 MP: 5/5
 17090 | D:3      | Gained mutation: Your mind is very acute. (Int +8, Str/Dex
                  | -2) [hidden potential]
 17162 | D:3      | Reached skill level 5 in Stealth
 17203 | D:3      | XOM: god gift: wand of mindburst (11)
 17231 | D:3      | Reached XP level 6. HP: 32/42 MP: 6/6
 17364 | D:3      | XOM: cloud trail
 17428 | D:3      | XOM: summons 4 hostile demons
 17429 | D:3      | Noticed an orange demon
 17486 | D:2      | Glimpsed the power of Zot.
 17565 | D:3      | XOM: give mutations
 17565 | D:3      | Gained mutation: Potions are less effective at restoring
                  | your health. [Xom's mischief]
 17565 | D:3      | Lost mutation: Potions are less effective at restoring your
                  | health. [Xom's mischief]
 17565 | D:3      | Gained mutation: One of your tentacles bears a nasty spike.
                  | [Xom's mischief]
 17565 | D:3      | Lost mutation: Your body sometimes deteriorates upon taking
                  | damage. [Xom's mischief]
 17592 | D:3      | Found a hazy altar of Hepliaklqana.
 17645 | D:3      | Noticed Jessica
 17653 | D:3      | Killed Jessica
 17659 | D:3      | Gained mutation: You are robust. (+10% HP) [hidden
                  | potential]
 17659 | D:3      | Lost mutation: You have hidden genetic potential. [hidden
                  | potential expressed]
 17692 | D:3      | XOM: god gift: 34 gold pieces
 17753 | D:4      | XOM: give mutation
 17753 | D:4      | Gained mutation: You are very agile. (Dex +8, Str/Int -2)
                  | [Xom's mischief]
 17869 | D:4      | Identified the +1 hat of Glamorous Joy {rPois rN+ Str+3}
                  | (Xom gifted it to you on level 4 of the Dungeon)
 17869 | D:4      | XOM: god gift: +1 hat of Glamorous Joy {rPois rN+ Str+3}
 18280 | D:4      | XOM: god gift: polished short sword {god gift}
 18280 | D:4      | Identified the +7 short sword of Koroc {antimagic, Stlth+}
                  | (Xom gifted it to you on level 4 of the Dungeon)
 18483 | D:4      | XOM: god gift: 56 gold pieces
 18546 | D:4      | XOM: scenery: 1 doors close
 18834 | D:4      | XOM: scenery: 1 doors open
 19089 | D:4      | XOM: cloud trail
 19239 | D:4      | XOM: scenery: 2 doors close
 19279 | D:4      | XOM: god gift: puce potion {god gift}
 19352 | D:4      | XOM: god gift: 3 javelins
 19885 | D:4      | XOM: scenery: 2 doors open
 19964 | D:4      | XOM is BORED!
 20271 | D:4      | XOM: give mutations
 20271 | D:4      | Gained mutation: Your natural rate of healing is unusually
                  | fast. [Xom's grace]
 20271 | D:4      | Gained mutation: You are partially covered in large bone
                  | plates. (SH +4) [Xom's grace]
 20437 | D:4      | XOM: give mutations
 20437 | D:4      | Gained mutation: Your muscles are strong. (Str +4, Int/Dex
                  | -1) [Xom's grace]
 20437 | D:4      | Gained mutation: Your flesh is very heat resistant. (rF++)
                  | [Xom's grace]
 20437 | D:4      | Gained mutation: You are partially covered in iridescent
                  | scales. (AC +2) [Xom's grace]
 20437 | D:4      | Gained mutation: Your system is resistant to poisons.
                  | (rPois) [Xom's grace]
 20599 | D:4      | XOM: scenery: 2 doors close
 21130 | D:4      | XOM: scenery: 2 doors open
 21326 | D:4      | XOM: give mutation
 21326 | D:4      | Gained mutation: You heal very quickly. [Xom's grace]
 21681 | D:4      | XOM: scenery: 2 doors close
 21883 | D:5      | Entered Level 5 of the Dungeon
 21883 | D:5      | Noticed Edmund
 21883 | D:5      | XOM: 1-stop teleportation journey
 21887 | D:5      | XOM: noise
 21890 | D:5      | XOM: smoke on damage
 21898 | D:5      | Killed Edmund
 21899 | D:5      | Reached XP level 7. HP: 33/50 MP: 2/7
 21974 | D:5      | XOM: confuse monster(s)
 21981 | D:5      | XOM: silly message
 21986 | D:5      | XOM: potion effect (might)
 22125 | D:5      | Found a snail-covered altar of Cheibriados.
 22157 | D:5      | XOM: noise
 22174 | D:5      | Reached XP level 8. HP: 45/57 MP: 2/8
 22187 | D:5      | XOM: 2-stop teleportation journey
 22207 | D:5      | Reached skill level 10 in Stealth
 22211 | D:5      | XOM: silly message
 22242 | D:5      | Found a staircase to the Ecumenical Temple.
 22397 | Temple   | Entered the Ecumenical Temple
 22442 | Temple   | XOM: silly message
 22456 | Temple   | Fell from the grace of Xom
 22456 | Temple   | Became a worshipper of Zin the Law-Giver
 22456 | Temple   | Reached * piety under Zin
 22456 | Temple   | Reached ** piety under Zin
 22458 | Temple   | Donated 169 gold pieces to Zin
 22460 | Temple   | Donated 85 gold pieces to Zin
 22461 | Temple   | Donated 42 gold pieces to Zin
 22462 | Temple   | Donated 21 gold pieces to Zin
 22542 | D:5      | XOM: summons 2 hostile demons
 22595 | D:5      | Reached skill level 5 in Short Blades
 22881 | D:5      | Reached *** piety under Zin
 22923 | D:5      | Reached XP level 9. HP: 46/66 MP: 3/9
 23072 | D:5      | Learned a level 3 spell: Tukima's Dance
 23097 | D:6      | Found Raoh's Jewellery Emporium.
 23145 | D:6      | Reached skill level 5 in Fighting
 23152 | D:6      | Reached skill level 1 in Hexes
 23220 | D:6      | Reached **** piety under Zin
 23239 | D:6      | Found The Oracle's Delphic Readings.
 23323 | D:6      | Reached skill level 5 in Dodging
 23365 | D:6      | Found Zatsumu's Weapon Shoppe.
 24180 | D:7      | Reached skill level 5 in Hexes
 24183 | D:7      | Reached ***** piety under Zin
 24187 | D:7      | Noticed Menkaure
 24194 | D:7      | Killed Menkaure
 24195 | D:7      | Reached skill level 1 in Invocations
 24334 | D:7      | XOM: noise
 24351 | D:7      | Reached XP level 10. HP: 74/74 MP: 3/11
 24354 | D:7      | Reached skill level 2 in Invocations
 24553 | D:8      | Noticed Gastronok
 24570 | D:8      | Killed Gastronok
 24571 | D:8      | Reached skill level 4 in Invocations
 24643 | D:8      | Noticed a boulder beetle
 24710 | D:6      | Found Hitaor's Magic Scroll Shop.
 24775 | D:6      | Found Kuruz's General Store.
 24829 | D:6      | Found a basalt altar of Yredelemnul.
 25184 | D:8      | Reached skill level 5 in Invocations
 25447 | D:8      | Noticed a deep elf pyromancer
 25447 | D:8      | Noticed a centaur warrior
 25453 | D:8      | Lost mutation: Your flesh is very heat resistant. (rF++)
                  | [potion of mutation]
 25453 | D:8      | Lost mutation: You are partially covered in large bone
                  | plates. (SH +4) [potion of mutation]
 25453 | D:8      | Lost mutation: You are very agile. (Dex +8, Str/Int -2)
                  | [potion of mutation]
 25467 | D:8      | Killed a centaur warrior
 25468 | D:8      | Reached skill level 6 in Invocations
 25468 | D:8      | Reached XP level 11. HP: 82/82 MP: 5/15
 25473 | D:8      | Killed a deep elf pyromancer
 25492 | D:8      | Reached ****** piety under Zin
 25518 | D:8      | XOM: summons 9 hostile demons
 25543 | D:8      | XOM: give mutations
 25618 | D:8      | Noticed a two-headed ogre
 25628 | D:8      | Killed a two-headed ogre
 25774 | D:9      | Learned a level 4 spell: Cause Fear
 25778 | D:9      | Learned a level 3 spell: Inner Flame
 25838 | D:9      | Reached skill level 7 in Invocations
 25876 | D:9      | Noticed a sixfirhy
 25878 | D:9      | Paralysed by a hornet for 2 turns
 25963 | D:9      | Noticed a two-headed ogre
 25994 | D:9      | Killed a two-headed ogre
 26103 | D:9      | Found a flagged portal.
 26112 | Bailey   | Entered a bailey
 26117 | Bailey   | Noticed an orc warlord
 26154 | Bailey   | Reached skill level 8 in Invocations
 26182 | Bailey   | Found a runed translucent gate.
 26184 | Bailey   | Found a runed translucent gate.
 26185 | Bailey   | Found a runed translucent gate.
 26211 | Bailey   | XOM: chaos upgrade
 26418 | Bailey   | Killed an orc warlord
 26434 | Bailey   | Identified the +9 quarterstaff of the World {heavy, rF- rC+
                  | Int+5 Stlth+}
 26443 | Bailey   | Identified the +0 plate armour "Uluxkice" {rF+ Str+3}
 26446 | Bailey   | Reached skill level 5 in Spellcasting
 26446 | Bailey   | Reached skill level 10 in Invocations
 26446 | Bailey   | Reached XP level 12. HP: 90/90 MP: 4/20
 26585 | D:9      | XOM: 2-stop teleportation journey
 26595 | D:9      | Learned a level 8 spell: Discord
 26821 | D:9      | Reached skill level 11 in Invocations
 26822 | D:9      | Found a bloodstained altar of Trog.
 26896 | D:9      | XOM: scenery: create altars
 27153 | D:9      | XOM: noise
 27564 | D:10     | Entered Level 10 of the Dungeon
 27584 | D:10     | Found a staircase to the Lair.
 27587 | D:10     | Reached XP level 13. HP: 96/96 MP: 7/21
 28021 | D:10     | XOM: give mutation
 28025 | D:10     | Found a radiant altar of Vehumet.
 28027 | D:10     | Found an ancient bone altar of Kikubaaqudgha.
 29011 | D:11     | Noticed Amaemon
 29011 | D:11     | XOM: 1-stop teleportation journey
 29028 | D:11     | Killed Amaemon
 29029 | D:11     | Reached skill level 1 in Staves
 29073 | D:11     | Noticed Snorg
 29117 | D:11     | Killed Snorg
 29297 | D:11     | XOM: give mutations
 29344 | D:11     | XOM: stat loss: -2 Dex (15/17)
 29374 | D:11     | XOM: give mutations
 29641 | D:11     | XOM: summons 4 hostile demons
 29911 | D:11     | Found a staircase to the Orcish Mines.
 29979 | Orc:1    | Entered Level 1 of the Orcish Mines
 30177 | Orc:1    | XOM: polymorph orc -> jelly
 30304 | Orc:2    | Entered Level 2 of the Orcish Mines
 30307 | Orc:2    | Found Hoiregg's Antique Weapon Boutique.
 30350 | Orc:2    | Reached skill level 10 in Hexes
 30579 | Orc:2    | Reached skill level 12 in Invocations
 30643 | Orc:2    | Shot with an arrow by a centaur

Illustrated notes

Levels and vault maps discovered:
D:1:      shiori_arrival_oz, layout_basic, shapermc_ecumenical_altar_rom_forum,
          minmay_worlds_worst_comb
D:2:      layout_basic, basic_altar, minmay_pentomino_p2
D:3:      layout_rooms, mainiacjoe_overflow_surrounded_room,
          kennysheep_jessica_study
D:4:      layout_basic
D:5:      cheibrodos_two_vegetables, layout_basic, lemuel_crystal_altar,
          minmay_temple_entry_enclosed_plants, uniq_edmund
D:6:      layout_basic, yredelemnul_altar_generic, serial_shops, shop,
          nicolae_diamond_shop, nicolae_square_shop, shop_fountains,
          nicolae_nh_oracle_at_delphi
D:7:      layout_basic, serial_rivers, chequers_serial_rivers_small_b,
          chequers_serial_rivers_small_b, chequers_serial_rivers_small_b,
          chequers_serial_rivers_micro_e, chequers_serial_rivers_small_3,
          uniq_menkaure
D:8:      minmay_chambers_of_sevens, layout_cave_pools, uniq_gastronok
D:9:      layout_basic, trog_wizard, enter_bailey_3,
          hangedman_decor_peaks_small, onia_ninara_cookie
D:10:     layout_long_grid, nicolae_overflow_squiral, hellmonk_lair_entry_icy,
          nicolae_straight_to_the_point
D:11:     layout_small_grid, erik_orc_1, nicolae_elevator_lobby_asterisk,
          uniq_snorg, uniq_amaemon
Temple:   nicolae_temple_superstar
Orc:1:    layout_caves, basic_altar
Orc:2:    st_orc_rangers, layout_diamond_mine, serial_shops,
          nicolae_diamond_shop, uniq_saint_roka

Skill      XL: |  1  2  3  4  5  6  7  8  9 10 11 12 13 |
---------------+----------------------------------------+-----
Maces & Flails | 4 |  4.4
Stealth        | 2 3 5 7 9 10 | 10.3
Short Blades   | 1 2 3 4 5 |  5.0
Dodging        | 4 6 7 8 9 |  9.2
Fighting       | 4 6 7 8 9 |  9.2
Hexes          | 5 7 9 10 | 10.1
Invocations    | 1 6 10 11 12 | 12.0
Spellcasting   | 5 |  5.4
Staves         | 4 |  4.5

Action                     |  1- 3 |  4- 6 |  7- 9 | 10-12 | 13-15 || total
---------------------------+-------+-------+-------+-------+-------++-------
  Melee: Mace              |    60 |       |       |       |       ||    60
         Constrict         |    21 |    31 |    36 |    61 |    52 ||   201
         Tentacles         |    15 |    31 |    34 |    93 |    66 ||   239
         Dagger            |    10 |   104 |       |       |    11 ||   125
         Punch             |     2 |     3 |     1 |     6 |     7 ||    19
         Kick              |       |    35 |    57 |   177 |   123 ||   392
         Short sword       |       |    12 |   156 |   373 |    92 ||   633
         Quarterstaff      |       |       |       |       |   186 ||   186
  Throw: Dart              |       |       |       |       |     2 ||     2
   Cast: Tukima's Dance    |       |       |       |     4 |    16 ||    20
         Cause Fear        |       |       |       |     3 |     7 ||    10
 Invoke: Donate Gold       |       |       |     4 |       |       ||     4
         Recite            |       |       |       |     3 |     8 ||    11
         Vitalisation      |       |       |       |     2 |     5 ||     7
         Sanctuary         |       |       |       |       |     2 ||     2
  Evoke: Wand              |       |       |     8 |     8 |     9 ||    25
    Use: Potion            |       |       |       |    13 |       ||    13
         Scroll            |       |       |       |    11 |     5 ||    16
   Stab: Sleeping          |     7 |    13 |    20 |    15 |     6 ||    61
         Distracted        |       |     1 |     1 |     3 |       ||     5
         Confused          |       |       |     1 |     1 |     4 ||     6
         Invisible         |       |       |       |     3 |       ||     3
         Paralysed         |       |       |       |       |     2 ||     2
 Armour: Skin              |    10 |    29 |    17 |    34 |    43 ||   133
  Dodge: Dodged            |    81 |    68 |    98 |   319 |   450 ||  1016
  Block: Other             |       |       |    24 |    21 |       ||    45

Table legend: (Time is in decaauts)
 A = Elapsed time spent in this place.
 B = Non-inter-level travel time spent in this place.
 C = Inter-level travel time spent in this place.
 D = Time resting spent in this place.
 E = Time spent auto-exploring this place.
 F = Levels seen in this place.
 G = Mean time per level.
                   A        B        C        D        E       F      G
               +--------+--------+--------+--------+--------+-----+--------+
         Total |  30685 |  29852 |    833 |  18712 |   8036 |  15 | 2045.7 |
       Dungeon |  29559 |  28748 |    811 |  18669 |   7472 |  11 | 2687.2 |
        Temple |     75 |     65 |     10 |      0 |      0 |   1 |   75.0 |
  Orcish Mines |    705 |    694 |     11 |     43 |    392 |   2 |  352.5 |
        Bailey |    344 |    344 |      0 |      0 |    172 |   1 |  344.0 |
               +--------+--------+--------+--------+--------+-----+--------+

Top non-repeatable levels by time:
     D:1: 10710 daAuts
     D:2: 5948 daAuts
     D:4: 4157 daAuts
     D:9: 1454 daAuts
     D:5: 1146 daAuts
    D:11: 1140 daAuts
     D:6: 1089 daAuts
     D:3: 1074 daAuts
    D:10: 1029 daAuts
     D:7: 979 daAuts
     D:8: 828 daAuts
   Orc:1: 376 daAuts
  Bailey: 344 daAuts
   Orc:2: 329 daAuts
  Temple: 75 daAuts
